 Dungeon Crawl Stone Soup version 0.29-a0-416-g83a48905f1 (webtiles) character file.

Game seed: 10097314810210879395

2515 happo123 the Grappler (level 9, -2/84 HPs)
             Began as a Troll Berserker on May 16, 2022.
             Was an Elder of Trog.
             Succumbed to a killer bee's poison
             ... on level 8 of the Dungeon.
             The game lasted 00:15:24 (4894 turns).

happo123 the Grappler (Troll Berserker)             Turns: 4894, Time: 00:15:24

Health: -2/84      AC:  7    Str: 31    XL:     9   Next: 29%
Magic:  8/8        EV: 15    Int:  3    God:    Trog [****..]
Gold:   467        SH:  0    Dex:  9    Spells: 8/8 levels left

rFire   . . .      SeeInvis .     - Unarmed
rCold   . . .      Faith    .   (no shield)
rNeg    . . .      Spirit   .   (body armour restricted)
rPois   .          Reflect  .   (helmet restricted)
rElec   .          Harm     .   t - +0 cloak
rCorr   .          Rampage  .   (gloves unavailable)
Will    .....                   (boots unavailable)
Stlth   +.........              (no amulet)
HPRegen 1.04/turn               h - +4 ring of evasion
MPRegen 0.11/turn               z - +4 ring of protection

@: lethally poisoned (-2 -> -6), on berserk cooldown, slowed, very slow
A: large, unfitting armour, claws 3, regeneration 1, shaggy fur 1, tough skin 1
a: Renounce Religion, Berserk, Trog's Hand, Brothers in Arms


You were on level 8 of the Dungeon.
You worshipped Trog.
Trog was greatly pleased with you.
You visited 1 branch of the dungeon, and saw 8 of its levels.

You collected 508 gold pieces.
You spent 41 gold pieces at shops.

Inventory:

Hand Weapons
 D - a +3 battleaxe
 G - a +2 flail of protection
Armour
 a - a +0 animal skin
 t - a +0 cloak (worn)
 J - +0 steam dragon scales
Jewellery
 h - a +4 ring of evasion (left claw)
 z - a +4 ring of protection (right claw)
Wands
 r - a wand of charming (13)
 x - a wand of iceblast (6)
 F - a wand of digging (5)
Scrolls
 b - 4 scrolls of enchant armour
 c - 5 scrolls of teleportation
 d - 4 scrolls of fear
 f - a scroll of magic mapping {unknown}
 i - a scroll of vulnerability {unknown}
 j - a scroll of blinking {unknown}
 m - 9 scrolls of identify
 u - a scroll of summoning {unknown}
 v - a scroll of amnesia {unknown}
 y - a scroll of fog {unknown}
 B - a scroll of immolation {unknown}
 C - a scroll of enchant weapon {unknown}
 E - a scroll of brand weapon {unknown}
 I - a scroll of poison {unknown}
Potions
 e - 9 potions of curing
 g - a potion of invisibility {unknown}
 k - a potion of haste {unknown}
 l - a potion of cancellation {unknown}
 n - 3 potions of brilliance
 o - a potion of degeneration {unknown}
 p - 2 potions of mutation {unknown}
 q - a potion of flight {unknown}
 s - a potion of ambrosia {unknown}
 w - a potion of lignification {unknown}
 A - a potion of attraction {unknown}
 H - a potion of heal wounds {unknown}


   Skills:
 + Level 4.0 Fighting
 + Level 5.5 Dodging
 + Level 1.4 Stealth
 + Level 10.4 Unarmed Combat


You had 8 spell levels left.
You didn't know any spells.
Your spell library was empty.

Dungeon Overview and Level Annotations

Branches:
Dungeon (8/15)             Temple (0/1) D:7
   Lair: D:8-11

Altars:

Shops:
D:1 *


Innate Abilities, Weirdness & Mutations

You are too large for most types of armour.
You have claws for hands.
Your natural rate of healing is unusually fast.
You are covered in fur. (AC +1)
You have tough skin. (AC +1)


Message History

The killer bee stings you but does no damage.
The killer bee misses you.
You miss the killer bee. Your claw misses the killer bee.
The killer bee is almost dead.
You feel sick. The killer bee stings you.
* * * LOW HITPOINT WARNING * * *
The killer bee barely misses you. The killer bee stings you.
* * * LOW HITPOINT WARNING * * *
You closely miss the killer bee.
The killer bee is almost dead.
You feel sick. The killer bee stings you.
* * * LOW HITPOINT WARNING * * *
The killer bee barely misses you. The killer bee misses you.
You closely miss the killer bee.
The killer bee is almost dead.
You are no longer berserk.
You are exhausted.
You feel yourself slow down.
You feel sick. The killer bee barely misses you.
The killer bee stings you but does no damage. x2
You barely miss the killer bee. Your claw misses the killer bee.
The killer bee is almost dead.
You feel very sick.
The killer bee stings you but does no damage. x3
The killer bee misses you. The killer bee completely misses you.
The killer bee stings you.
* * * LOW HITPOINT WARNING * * *
You are lethally poisoned!
The killer bee poisons you!
You scratch the killer bee.
The killer bee is lightly wounded.
* * * LOW HITPOINT WARNING * * *
You feel very sick. The killer bee barely misses you.
The killer bee closely misses you. x2
The killer bee misses you. The killer bee stings you.
* * * LOW HITPOINT WARNING * * *
The killer bee completely misses you. The killer bee closely misses you.
The killer bee misses you. The killer bee completely misses you.
As you read the scroll of fear, it crumbles to dust.
You assume a fearsome visage.
The killer bee looks frightened! x3
You die...

#....#
#....#
#....#
######....#
..........#
######.†..+
#....#
#....#
#y@..#
#yy†.#
#....#
#...(#
#....#
#.....
#......
#:......


You could see 3 killer bees.

Vanquished Creatures
  A steam dragon (D:8)
  2 ice beasts
  An ogre (D:6)
  A centaur (D:4)
  The ghost of BigDaddyOpFi the Skirmisher, an amateur KoFi (D:3)
  2 phantoms
  3 bullfrogs
  2 necrophages
  A scorpion (D:3)
  4 wights (D:7)
  10 killer bees
  3 howler monkeys
  2 orc priests
  A jelly (D:6)
  2 hounds
  A gnoll shaman (D:7)
  8 iguanas
  3 orc wizards
  5 gnolls (D:7)
  9 adders
  2 white imps
  2 ufetubi
  A worm (D:3)
  3 dart slugs
  16 orcs
  8 ball pythons
  6 endoplasms
  2 giant cockroaches (D:1)
  5 goblins
  6 hobgoblins
  13 kobolds
  5 quokkas
  6 bats
  3 frilled lizards
  4 rats
144 creatures vanquished.

Notes
Turn   | Place    | Note
-------+----------+-------------------------------------------
     0 | D:1      | happo123 the Troll Berserker began the quest for the Orb.
     0 | D:1      | Reached XP level 1. HP: 22/22 MP: 0/0
   183 | D:1      | Found Qabb's Assorted Antiques.
   208 | D:1      | Reached XP level 2. HP: 29/29 MP: 1/1
   216 | D:1      | Bought a scroll labelled QEXASI HIUTAD for 22 gold pieces
   216 | D:1      | Bought a ruby potion for 19 gold pieces
   396 | D:1      | Found a faded altar of an unknown god.
   690 | D:2      | Noticed a howler monkey
   695 | D:2      | Killed a howler monkey
   696 | D:2      | Reached skill level 4 in Unarmed Combat
   696 | D:2      | Reached XP level 3. HP: 36/36 MP: 2/2
   807 | D:2      | Reached ** piety under Trog
   866 | D:2      | Reached XP level 4. HP: 44/44 MP: 3/3
  1515 | D:3      | Identified the +3 quarterstaff "Kekan" {drain, rN++ Str-4
                  | Int+4}
  1713 | D:3      | Noticed a scorpion
  1716 | D:3      | Killed a scorpion
  1717 | D:3      | Reached XP level 5. HP: 53/53 MP: 4/4
  2065 | D:3      | Reached skill level 5 in Unarmed Combat
  2144 | D:3      | Noticed an ice beast
  2144 | D:3      | Noticed BigDaddyOpFi's ghost (amateur KoFi)
  2148 | D:3      | Found a transporter.
  2154 | D:3      | Found a transporter.
  2430 | D:3      | Killed an ice beast
  2431 | D:3      | Reached XP level 6. HP: 61/61 MP: 5/5
  2435 | D:3      | Killed BigDaddyOpFi's ghost
  2436 | D:3      | Reached skill level 6 in Unarmed Combat
  2661 | D:4      | Reached *** piety under Trog
  2771 | D:4      | Reached XP level 7. HP: 61/67 MP: 6/6
  2904 | D:4      | You fall into a shaft and drop 3 floors!
  2942 | D:7      | Reached skill level 7 in Unarmed Combat
  2955 | D:7      | Found a staircase to the Ecumenical Temple.
  3018 | D:5      | Entered Level 5 of the Dungeon
  3216 | D:5      | Reached XP level 8. HP: 75/75 MP: 7/7
  3298 | D:5      | Reached skill level 8 in Unarmed Combat
  3924 | D:6      | Reached skill level 5 in Dodging
  3932 | D:6      | Reached skill level 1 in Stealth
  3943 | D:6      | Reached skill level 9 in Unarmed Combat
  4245 | D:7      | Reached **** piety under Trog
  4397 | D:7      | Reached XP level 9. HP: 80/84 MP: 8/8
  4820 | D:8      | Reached skill level 10 in Unarmed Combat
  4893 | D:8      | HP: 4/84 [poisoned by a killer bee]
  4893 | D:8      | HP: 1/84 [killer bee (3)]
  4894 | D:8      | Succumbed to a killer bee's poison

Illustrated notes

Levels and vault maps discovered:
D:1:      dpeg_chamrin_arrival_tetris, layout_basic, serial_shops, shop,
          shapermc_ecumenical_altar_acropolis
D:2:      layout_loops_corners
D:3:      layout_loops_corners, gammafunk_ghost_arena,
          kennysheep_decorative_pillar, minmay_stone_trees_small,
          minmay_joined_circles
D:4:      layout_basic
D:5:      layout_basic
D:6:      layout_rooms, hangedman_abyss_or_decor_stabs, minmay_misc_feat_plants
D:7:      layout_loops_cross, minmay_temple_entry_glass
D:8:      lemuel_ice_spiral_2, layout_basic

Skill      XL: |  1  2  3  4  5  6  7  8  9 |
---------------+----------------------------+-----
Unarmed Combat | 4 5 6 7 9 10 | 10.4
Dodging        | 3 4 5 |  5.5
Fighting       | 3 4 |  4.0
Stealth        | 1 |  1.4

Action                   |  1- 3 |  4- 6 |  7- 9 || total
-------------------------+-------+-------+-------++-------
Melee: Unarmed           |    49 |   148 |   217 ||   414
       Punch             |       |     2 |     4 ||     6
Invok: Berserk           |       |     2 |     2 ||     4
  Use: Scroll            |       |       |     6 ||     6
 Stab: Sleeping          |       |       |     1 ||     1
Armor: Animal skin       |    19 |    34 |    38 ||    91
       Skin              |       |       |    21 ||    21
Dodge: Dodged            |    29 |   105 |   199 ||   333

Table legend: (Time is in decaauts)
 A = Elapsed time spent in this place.
 B = Non-inter-level travel time spent in this place.
 C = Inter-level travel time spent in this place.
 D = Time resting spent in this place.
 E = Time spent auto-exploring this place.
 F = Levels seen in this place.
 G = Mean time per level.
                   A        B        C        D        E       F      G
               +--------+--------+--------+--------+--------+-----+--------+
         Total |   4856 |   4300 |    556 |      0 |   3390 |   8 |  607.0 |
       Dungeon |   4856 |   4300 |    556 |      0 |   3390 |   8 |  607.0 |
               +--------+--------+--------+--------+--------+-----+--------+

Top non-repeatable levels by time:
     D:3: 1015 daAuts
     D:2: 936 daAuts
     D:7: 634 daAuts
     D:1: 572 daAuts
     D:5: 561 daAuts
     D:4: 554 daAuts
     D:6: 485 daAuts
     D:8: 97 daAuts
